 Dungeon Crawl Stone Soup version 0.29.1-1-gd02db6906a (webtiles) character file.

Game seed: 1333118091088637520

2 RogueRain17 the Conjurer (level 1, 13/14 HPs)
             Began as a Demigod Conjurer on Sept 27, 2022.
             Quit the game on level 1 of the Dungeon.
             The game lasted 00:00:55 (153 turns).

RogueRain17 the Conjurer (Demigod Conjurer)          Turns: 153, Time: 00:00:55

Health: 13/14      AC:  2    Str:  8    XL:     1   Next: 26%
Magic:  0/5        EV: 12    Int: 20    God:
Gold:   20         SH:  0    Dex: 12    Spells: 2/3 levels left

rFire   . . .      SeeInvis .   (no weapon)
rCold   . . .      Faith    .   (no shield)
rNeg    . . .      Spirit   .   a - +0 robe
rPois   .          Reflect  .   (no helmet)
rElec   .          Harm     .   (no cloak)
rCorr   .          Rampage  .   (no gloves)
Will    .....                   (no boots)
Stlth   ++........              (no amulet)
HPRegen 0.04/turn               (no ring)
MPRegen 0.09/turn               (no ring)

@: no status effects
A: high MP 1, forlorn, divine attributes
a: no special abilities


You were on level 1 of the Dungeon.
You visited 1 branch of the dungeon, and saw 1 of its levels.

You collected 20 gold pieces.

Inventory:

Armour
 a - a +0 robe (worn)
Jewellery
 d - an amulet of regeneration
Scrolls
 e - a scroll of fog {unknown}
Potions
 b - a potion of magic
 c - a potion of heal wounds {unknown}


   Skills:
 - Level 1.7 Dodging
 - Level 1.7 Stealth
 - Level 1.7 Spellcasting
 + Level 3.7 Conjurations


You had 2 spell levels left.
You knew the following spells:

 Your Spells              Type           Power      Damage    Failure   Level
a - Magic Dart            Conj           64%        1d6       3%          1

Your spell library contained the following spells:

 Spells                   Type           Power      Damage    Failure   Level
 Searing Ray              Conj           32%        2d5       5%          2
 Dazzling Flash           Conj/Hex       18%        N/A       22%         3
 Fulminant Prism          Conj/Hex       4%         3d6       58%         4
 Iskenderun's Mystic Bla  Conj/Tloc      9%         2d4       58%         4


Dungeon Overview and Level Annotations

Branches:
Dungeon (1/15)


Innate Abilities, Weirdness & Mutations

You have an increased reservoir of magic. (+10% MP)
You shall have no god before yourself.
Your divine heritage dramatically boosts your attributes as you level up.


Message History

A hobgoblin is nearby!
The magic dart hits the hobgoblin.
The hobgoblin is moderately wounded.
The magic dart hits the hobgoblin.
You kill the hobgoblin!
You can't see any susceptible monsters within range! (Use Z to cast anyway.)
You can't see any susceptible monsters within range! (Use Z to cast anyway.)
You can't see any susceptible monsters within range! (Use Z to cast anyway.) Magic restored.
Found a leather armour.
You can't see any susceptible monsters within range! (Use Z to cast anyway.)
Found 3 large rocks.
You now have 20 gold pieces (gained 7).
e - a scroll labelled ATYCANASAO You see here 3 large rocks.
An endoplasm and 2 jackals come into view.
The jackal barks! x2; You hear a bark!
You hear a shout!
The magic dart hits the jackal.
The jackal is lightly wounded.
The endoplasm quivers.
The magic dart hits the jackal.
The jackal is severely wounded.
A jackal comes into view.
A rat comes into view.
The magic dart hits the jackal.
You kill the jackal!
The magic dart hits the jackal.
The jackal is severely wounded.
The jackal closely misses you.
The magic dart hits the jackal but does no damage.
The jackal is severely wounded.
The jackal bites you.
You are out of magic!
You are out of magic!
You are out of magic!
You are out of magic!
You are out of magic!
Welcome back, RogueRain17 the Demigod Conjurer.
Press ? for a list of commands and other information.
Unknown command.
Are you sure you want to abandon this character and quit the game? (Confirm with "yes".)

...## ....# .......
....# ..... ....#
..... ....# ##.
r..## ...#######..
h...# ..##....##.#
#J#.# ###.....##.#
#h#.# ........##.#
#@#.# ........##.#
#.#.#
........##.#####.#.#
........##.........#
#.........###.######
####.####.# #.#
####.####.###.#
.....##.......#
.....##.#.#####


You could see an endoplasm, 2 jackals and a rat.

Vanquished Creatures
  A hobgoblin (D:1)
  A jackal (D:1)
2 creatures vanquished.

Notes
Turn   | Place    | Note
-------+----------+-------------------------------------------
     0 | D:1      | RogueRain17 the Demigod Conjurer began the quest for the
                  | Orb.
     0 | D:1      | Reached XP level 1. HP: 14/14 MP: 5/5
   153 | D:1      | Quit the game

Illustrated notes

Levels and vault maps discovered:
D:1:      dpeg_arrival_three_bigger_balls, layout_loops_cross,
          kennysheep_doodads

Action                   || total
-------------------------++-------
 Cast: Magic Dart        ||     7
Dodge: Dodged            ||     1
